 Dungeon Crawl Stone Soup version 0.22.1-1-ga44c0e5 (webtiles) character file.

89 keltmir the Charmwright (level 4, -2/38 HPs)
             Began as a Gnoll Skald on Sept 30, 2018.
             Killed from afar by an orc wizard (6 damage)
             ... with a magic dart
             ... on level 2 of the Dungeon.
             The game lasted 00:07:16 (1996 turns).

keltmir the Charmwright (Gnoll Skald)               Turns: 1996, Time: 00:07:17

Health: -2/38      AC:  4    Str: 14    XL:     4   Next: 55%
Magic:  11/11      EV: 14    Int: 16    God:
Gold:   56         SH:  0    Dex: 14    Spells: 12/13 levels left

rFire    . . .     SeeInvis .   a - +0 hand axe (elec)
rCold    . . .     Gourm    .   (no shield)
rNeg     . . .     Faith    .   n - +0 leather armour
rPois    .         Spirit   .   (no helmet)
rElec    .         Reflect  .   c - +0 cloak (curse)
rCorr    .         Harm     .   (no gloves)
MR       .....                  (no boots)
Stlth    +.........             (no amulet)
HPRegen  0.12/turn              (no ring)
MPRegen  0.12/turn              (no ring)

@: slowed, very slow
A: distributed training, fangs 1, strong nose
a: no special abilities


You were on level 2 of the Dungeon.
You were hungry.

You visited 1 branch of the dungeon, and saw 3 of its levels.

You collected 56 gold pieces.

Inventory:

Hand Weapons
 a - a +0 hand axe of electrocution (weapon)
 b - a +0 blowgun
 i - a +0 mace
 k - a +0 whip
 p - a +0 whip of flaming
Missiles
 g - 16 sling bullets (quivered)
 o - a poisoned needle
Armour
 c - a cursed +0 cloak (worn)
 f - a +0 buckler
 n - a +0 leather armour (worn)
Scrolls
 j - a scroll of remove curse {unknown}
 l - a scroll of enchant armour {unknown}
 m - a scroll of identify {unknown}
Potions
 e - a potion of heal wounds {unknown}
 h - a potion of curing
Comestibles
 d - 4 rations


   Skills:
 + Level 4.6 Fighting
 + Level 1.1 Short Blades
 + Level 1.1 Long Blades
 + Level 1.1 Axes
 + Level 4.6 Maces & Flails
 + Level 1.1 Polearms
 + Level 1.1 Staves
 + Level 1.1 Slings
 + Level 1.1 Bows
 + Level 1.1 Crossbows
 + Level 1.1 Throwing
 + Level 2.7 Armour
 + Level 4.6 Dodging
 + Level 1.1 Stealth
 + Level 1.1 Shields
 + Level 1.1 Unarmed Combat
 + Level 5.1 Spellcasting
 + Level 0.9 Conjurations
 + Level 0.9 Hexes
 + Level 5.4 Charms
 + Level 0.9 Summonings
 + Level 0.9 Necromancy
 + Level 0.9 Translocations
 + Level 0.9 Transmutations
 + Level 0.9 Fire Magic
 + Level 0.9 Ice Magic
 + Level 0.9 Air Magic
 + Level 0.9 Earth Magic
 + Level 0.9 Poison Magic
 + Level 1.2 Invocations
 + Level 1.1 Evocations


You had 12 spell levels left.
You knew the following spells:

 Your Spells              Type           Power        Failure   Level  Hunger
a - Infusion              Chrm           ###.         1%          1    None

Your spell library contained the following spells:

 Spells                   Type           Power        Failure   Level  Hunger
 Song of Slaying          Chrm           ###.....     3%          2    #......
 Shroud of Golubria       Chrm/Tloc      ##........   8%          2    #......
 Regeneration             Chrm/Necr      ##........   16%         3    ###....
 Spectral Weapon          Hex/Chrm       ##......     16%         3    ###....


Dungeon Overview and Level Annotations

Branches:
Dungeon (3/15)

Altars:


Innate Abilities, Weirdness & Mutations

Your experience applies equally to all skills.
You have very sharp teeth.
Your uncanny sense of smell can sniff out nearby items.


Message History

The orc wizard points at you and mumbles some strange words.
The magic dart hits you!
* * * LOW HITPOINT WARNING * * *
The leopard gecko barely misses you. The orc barely misses you.
You hit the orc wizard but do no damage.
The orc wizard is lightly wounded.
You hit the orc. You completely miss the leopard gecko.
The orc wizard misses you. The leopard gecko closely misses you.
The orc misses you. The orc wizard barely misses you.
The leopard gecko barely misses you.
You hit the orc wizard.
The orc wizard is heavily wounded.
You closely miss the leopard gecko. You hit the orc but do no damage.
The orc hits you but does no damage. The leopard gecko closely misses you.
The orc wizard hits you but does no damage.
The orc closely misses you. The leopard gecko bites you.
* * * LOW HITPOINT WARNING * * *
The orc wizard casts a spell at you. The magic dart hits you!
You die...

#.# P ♣♣♣.#
#.......... #.#
PP♣P.♣# #.########.
#(# P..P.♣## #.# #.
####.# P..♣...#
##.## #. .....#
♣..P♣P♣.# ##...##
#. ###### ♣P♣
♣♣..####.<...####
## #
#.....)........# #
♣ #l)####>....##.#
# # #o@# ##...###.#
# ♣ #.o# ##.## #.#
# # #..######.# #.#
# ♣
#.......>.####.####
#
##.######..........
♣ #.# #.####.#### #
#.# #.# #.#### ####
#.# #.# #.....
...## #.# #.#
######


You could see an orc wizard, an orc and a leopard gecko.

Vanquished Creatures
  An adder (D:2)
  A gnoll (D:1)
  An ooze (D:1)
  A worm (D:2)
  A dart slug (D:1)
  A leopard gecko (D:2)
  4 orcs
  2 giant cockroaches
  4 goblins
  6 hobgoblins
  6 jackals
  6 kobolds
  A quokka (D:3)
  6 bats
  6 frilled lizards
  9 rats
  A plant (D:2)
57 creatures vanquished.

Notes
Turn   | Place    | Note
-------+----------+-------------------------------------------
     0 | D:1      | keltmir the Gnoll Skald began the quest for the Orb.
     0 | D:1      | Reached XP level 1. HP: 20/20 MP: 6/6
    85 | D:1      | Reached XP level 2. HP: 13/26 MP: 0/7
   449 | D:1      | Reached skill level 5 in Spellcasting
   449 | D:1      | Reached XP level 3. HP: 10/31 MP: 3/9
   909 | D:1      | Reached skill level 1 in Invocations
  1137 | D:2      | Reached skill level 1 in Short Blades
  1137 | D:2      | Reached skill level 1 in Long Blades
  1137 | D:2      | Reached skill level 1 in Axes
  1137 | D:2      | Reached skill level 1 in Polearms
  1137 | D:2      | Reached skill level 1 in Staves
  1137 | D:2      | Reached skill level 1 in Slings
  1137 | D:2      | Reached skill level 1 in Bows
  1137 | D:2      | Reached skill level 1 in Crossbows
  1137 | D:2      | Reached skill level 1 in Throwing
  1137 | D:2      | Reached skill level 1 in Stealth
  1137 | D:2      | Reached skill level 1 in Shields
  1137 | D:2      | Reached skill level 1 in Unarmed Combat
  1137 | D:2      | Reached skill level 1 in Evocations
  1145 | D:2      | Reached XP level 4. HP: 38/38 MP: 8/11
  1887 | D:3      | Noticed an orc warrior
  1996 | D:2      | Killed from afar by an orc wizard

Skill      XL: |  1  2  3 |
---------------+----------+-----
Spellcasting   | 5 |  5.1
Invocations    | 1 |  1.2
Short Blades   | 1 |  1.1
Long Blades    | 1 |  1.1
Axes           | 1 |  1.1
Polearms       | 1 |  1.1
Staves         | 1 |  1.1
Slings         | 1 |  1.1
Bows           | 1 |  1.1
Crossbows      | 1 |  1.1
Throwing       | 1 |  1.1
Stealth        | 1 |  1.1
Shields        | 1 |  1.1
Unarmed Combat | 1 |  1.1
Evocations     | 1 |  1.1
Fighting       | |  4.6
Maces & Flails | |  4.6
Armour         | |  2.7
Dodging        | |  4.6
Conjurations   | |  0.9
Hexes          | |  0.9
Charms         | |  5.4
Summonings     | |  0.9
Necromancy     | |  0.9
Translocations | |  0.9
Transmutations | |  0.9
Fire Magic     | |  0.9
Ice Magic      | |  0.9
Air Magic      | |  0.9
Earth Magic    | |  0.9
Poison Magic   | |  0.9

Action                   |  1- 3 |  4- 6 || total
-------------------------+-------+-------++-------
Melee: Mace              |    43 |       ||    43
       Hand axe          |    27 |    58 ||    85
       Bite              |     1 |     6 ||     7
 Fire: Blowgun           |       |     9 ||     9
 Cast: Infusion          |     4 |     1 ||     5
  Use: Potion            |       |     1 ||     1
 Stab: Sleeping          |     1 |       ||     1
  Eat: Chunk             |     1 |     2 ||     3
Armor: Leather armour    |    28 |    16 ||    44
Dodge: Dodged            |    79 |    73 ||   152
